 Dungeon Crawl Stone Soup version 0.28-a0-2-g643f2454ad (webtiles) character file.

Game seed: 3093917614326657421

870 night the Conjurer (level 8, 0/50 (52) HPs)
             Began as a Barachi Conjurer on July 22, 2021.
             Killed by nerve-wracking pain
             ... invoked by an orc priest
              (14 damage)
             ... on level 4 of the Dungeon.
             The game lasted 00:11:41 (5913 turns).

night the Conjurer (Barachi Conjurer)               Turns: 5913, Time: 00:11:41

HP:   0/50 (52)     AC:  5    Str:  8    XL:     8   Next: 3%
MP:   7/17          EV: 12    Int: 22    God:
Gold: 333           SH:  0    Dex: 10    Spells: 10/19 levels left

rFire   . . .      SeeInvis .   s - +2 scimitar (holy)
rCold   . . .      Faith    .   (no shield)
rNeg    . . .      Spirit   .   a - +0 robe
rPois   .          Reflect  .   p - +0 helmet
rElec   .          Harm     .   (no cloak)
rCorr   .          Rampage  .   h - +1 pair of gloves
Will    .....                   (no boots)
Stlth   ++........              (no amulet)
HPRegen 0.16/turn               (no ring)
MPRegen 0.15/turn               (no ring)

@: lightly drained, slow
A: amphibious, slowness 1, strong legs 1, +LOS
a: Hop


You were on level 4 of the Dungeon.
You visited 1 branch of the dungeon, and saw 5 of its levels.

You collected 333 gold pieces.

Inventory:

Hand Weapons
 e - a +0 dagger of draining
 l - a +0 long sword
 s - a +2 scimitar of holy wrath (weapon)
 v - a +4 flail of protection
Missiles
 d - 174 stones
 k - 25 sling bullets
 o - 13 poisoned darts
Armour
 a - a +0 robe (worn)
 h - a +1 pair of gloves (worn)
 p - a +0 helmet (worn)
Jewellery
 i - a ring of ice
Wands
 r - a wand of iceblast (7)
 t - a wand of polymorph (9)
Scrolls
 f - a scroll of identify
 m - 3 scrolls of teleportation
Potions
 b - a potion of invisibility {unknown}
 c - 2 potions of flight
 g - 2 potions of resistance
 j - 2 potions of lignification {unknown}
 n - a potion of curing {unknown}
 q - a potion of cancellation {unknown}
 u - a potion of degeneration {unknown}


   Skills:
 - Level 2.1 Dodging
 - Level 1.7 Stealth
 + Level 6.2 Spellcasting
 + Level 7.8 Conjurations
 - Level 2.0 Translocations
 - Level 2.0 Poison Magic


You had 10 spell levels left.
You knew the following spells:

 Your Spells              Type           Power      Damage    Failure   Level
a - Magic Dart            Conj           100%       1d8       1%          1
b - Searing Ray           Conj           82%        3d6       1%          2
c - Poisonous Vapours     Pois/Air       22%        N/A       9%          2
d - Iskenderun's Mystic   Conj/Tloc      28%        2d7       12%         4

Your spell library contained the following spells:

 Spells                   Type           Power      Damage    Failure   Level
 Static Discharge         Conj/Air       24%        N/A       2%          2
 Dazzling Flash           Conj/Hex       48%        N/A       5%          3
 Sting                    Tmut/Pois      44%        1d5       6%          1
 Fulminant Prism          Conj/Hex       12%        3d9       19%         4
 Olgreb's Toxic Radiance  Pois           15%        N/A       36%         4
 Lightning Bolt           Conj/Air       12%        1d25      45%         5
 Maxwell's Capacitive Co  Air            3%         ∞         100%        8


Dungeon Overview and Level Annotations

Branches:
Dungeon (5/15)
 Temple: D:4-7

Altars:
Wu Jian

Annotations:
D:4 2 transporters, zero's ghost, amateur GrCj


Innate Abilities, Weirdness & Mutations

You are amphibious.
You cover ground slowly.
You can hop short distances.
You have an extended range of vision and can be seen from far away.


Message History

You barely miss the necrophage.
The necrophage is heavily damaged.
The necrophage hits you.
You feel drained. The necrophage closely misses you.
You closely miss the necrophage.
The necrophage is heavily damaged.
The necrophage barely misses you.
You closely miss the necrophage.
The necrophage is heavily damaged.
The necrophage hits you.
You feel drained. The necrophage hits you.
You feel drained.
You hit the necrophage.
The necrophage convulses.
The necrophage is severely damaged.
The necrophage misses you.
You hit the necrophage.
The necrophage convulses.
The necrophage is severely damaged.
The necrophage hits you.
You closely miss the necrophage.
The necrophage is severely damaged.
The necrophage hits you.
You feel drained. The necrophage hits you!
You feel drained.
Casting: Searing Ray (safe; 1% risk of failure)
Confirm with . or Enter, or press ? or * to list all spells.
Aiming: Searing Ray (safe; 1% risk of failure)
Press: ? - help, Shift-Dir - straight line, f - necrophage
Aim: a necrophage (severely damaged, 81% to hit)
The searing ray hits the necrophage!
You destroy the necrophage! (Press . to maintain the ray.)
You have reached level 8!
You feel clever.
Casting: Searing Ray (safe; 1% risk of failure)
Confirm with . or Enter, or press ? or * to list all spells.
Aiming: Poisonous Vapours (safe; 9% risk of failure)
Press: ? - help, Dir - move target, f - orc priest
Aim: an orc priest, wielding a +0 spear and wearing a +0 ring mail Poisonous vapours surround the orc priest!
The orc priest is poisoned.
The orc priest invokes the aid of Beogh against you.
Pain shoots through your body!
You die...

#......#.#....)<).......# #)#
#..###.>......)[.)......####.##
#.## ##....#.##)...........#.#.
#######..###.##..o.............
##...........##................
#...........###................
#..............................
#............##................
#............>@................
#.............#######..........
########......# #..........
######## #..........
#.......... ##.........
##......)P ######... #..#


You could see an orc priest (poisoned).

Vanquished Creatures
  Sigmund (D:4)
  Edmund (D:4)
  An ice beast (D:4)
  A necrophage (D:4)
  2 scorpions
  A hound (D:5)
  An orc priest (D:3)
  A jelly (D:4)
  Natasha (D:2)
  An orc wizard (D:4)
  Robin (D:4)
  4 adders
  An ufetubus (D:4)
  An adder skeleton (D:4)
  2 worms
  A dart slug (D:4)
  7 orcs
  11 endoplasms
  3 giant cockroaches (D:1)
  10 hobgoblins
  2 jackals (D:1)
  3 quokkas
  9 ball pythons
  5 bats
  2 frilled lizards
  17 goblins
  4 kobolds
  6 rats
100 creatures vanquished.

Vanquished Creatures (others)
  3 fungi (D:1)
3 creatures vanquished.

Grand Total: 103 creatures vanquished

Notes
Turn   | Place    | Note
-------+----------+-------------------------------------------
     0 | D:1      | night the Barachi Conjurer began the quest for the Orb.
     0 | D:1      | Reached XP level 1. HP: 13/13 MP: 3/3
   388 | D:1      | Reached XP level 2. HP: 19/19 MP: 0/5
   442 | D:1      | Learned a level 2 spell: Searing Ray
   984 | D:1      | Reached XP level 3. HP: 24/24 MP: 4/7
  1350 | D:1      | Reached skill level 5 in Conjurations
  1353 | D:1      | Learned a level 2 spell: Poisonous Vapours
  1557 | D:1      | Found a faded altar of an unknown god.
  1931 | D:2      | Noticed Natasha
  1938 | D:2      | Killed Natasha
  1939 | D:2      | Reached skill level 1 in Poison Magic
  1939 | D:2      | Reached XP level 4. HP: 29/30 MP: 2/8
  2117 | D:2      | Found an ornate altar of the Wu Jian Council.
  2672 | D:2      | Learned a level 4 spell: Iskenderun's Mystic Blast
  3420 | D:3      | Reached XP level 5. HP: 35/35 MP: 6/10
  3617 | D:3      | Reached skill level 1 in Translocations
  3617 | D:3      | Reached skill level 2 in Poison Magic
  4119 | D:3      | Reached skill level 2 in Translocations
  4295 | D:3      | Reached XP level 6. HP: 23/41 MP: 7/12
  4443 | D:4      | Noticed Robin
  4484 | D:4      | Killed Robin
  4561 | D:4      | Reached skill level 6 in Conjurations
  4996 | D:4      | Found a transporter.
  5003 | D:4      | Noticed zero's ghost (amateur GrCj)
  5009 | D:4      | Found a transporter.
  5099 | D:4      | Noticed an ice beast
  5107 | D:4      | Killed an ice beast
  5108 | D:4      | Reached skill level 5 in Spellcasting
  5108 | D:4      | Reached XP level 7. HP: 46/46 MP: 5/14
  5243 | D:4      | Noticed Sigmund
  5283 | D:4      | Killed Sigmund
  5284 | D:4      | Reached skill level 7 in Conjurations
  5555 | D:4      | Noticed Edmund
  5571 | D:4      | HP: 4/46 [Edmund (7)]
  5573 | D:4      | Killed Edmund
  5891 | D:5      | Entered Level 5 of the Dungeon
  5913 | D:4      | Reached XP level 8. HP: 13/50 MP: 9/17
  5913 | D:4      | Killed from afar by an orc priest

Illustrated notes

Levels and vault maps discovered:
D:1:      scummos_arrival_simple_fountains, layout_basic,
          dreamdust_ecumenical_altar_grove
D:2:      layout_loops_corners, basic_altar, uniq_natasha
D:3:      layout_rooms, lemuel_flame_loot_1
D:4:      layout_rooms, gammafunk_ghost_stat_death, sigmund_edmund_badplayer,
          uniq_robin
D:5:      layout_basic, minmay_temple_entry_wispy

Skill      XL: |  1  2  3  4  5  6  7 |
---------------+----------------------+-----
Spellcasting   | 3 4 5 6 |  6.2
Conjurations   | 5 6 7 |  7.8
Poison Magic   | 1 2 |  2.0
Translocations | 2 |  2.0
Dodging        | |  2.1
Stealth        | |  1.7

Action                   |  1- 3 |  4- 6 |  7- 9 || total
-------------------------+-------+-------+-------++-------
Melee: Unarmed           |    10 |       |       ||    10
       Dagger            |     3 |    26 |     2 ||    31
       Scimitar          |       |       |    10 ||    10
 Cast: Magic Dart        |    57 |    66 |    12 ||   135
       Searing Ray       |     4 |    11 |     5 ||    20
       Poisonous Vapours |     1 |     7 |     4 ||    12
       Iskenderun's Myst |       |     4 |     1 ||     5
 Abil: Hop               |     3 |     2 |     1 ||     6
Evoke: Wand              |       |       |     1 ||     1
  Use: Scroll            |     3 |     4 |       ||     7
Armor: Robe              |     7 |    31 |     3 ||    41
Dodge: Dodged            |    16 |    44 |     9 ||    69
       Rpst.: Scimitar   |       |       |     1 ||     1

Table legend: (Time is in decaauts)
 A = Elapsed time spent in this place.
 B = Non-inter-level travel time spent in this place.
 C = Inter-level travel time spent in this place.
 D = Time resting spent in this place.
 E = Time spent auto-exploring this place.
 F = Levels seen in this place.
 G = Mean time per level.
                   A        B        C        D        E       F      G
               +--------+--------+--------+--------+--------+-----+--------+
         Total |   6451 |   6234 |    217 |   1795 |   3713 |   5 | 1290.2 |
       Dungeon |   6451 |   6234 |    217 |   1795 |   3713 |   5 | 1290.2 |
               +--------+--------+--------+--------+--------+-----+--------+

Top non-repeatable levels by time:
     D:1: 1909 daAuts
     D:2: 1594 daAuts
     D:4: 1477 daAuts
     D:3: 1462 daAuts
     D:5: 7 daAuts
